[Event "24th Hoogeschool Zeeland 2022"]
[Site "Vlissingen"]
[Date "2022.08.11"]
[Round "7.16"]
[White "Gijsen, William"]
[Black "Bruil, Rembrandt"]
[Result "1-0"]
[ECO "B84"]
[WhiteElo "2079"]
[BlackElo "2204"]
[Annotator "TA"]
[PlyCount "139"]
[EventDate "2022.08.05"]
[EventType "swiss"]
[EventCountry "NED"]
[SourceTitle "playchess.com"]
[Source "ChessBase"]
[SourceQuality "1"]
[TimeControl "40/5400+30:1800+30"]

1. e4 c5 2. Nf3 d6 3. d4 cxd4 4. Nxd4 Nf6 5. Nc3 a6 6. Be3 e6 7. Be2 Be7 8. Qd2 b5 9. a3 (9. Bf3 $14) 9... Bb7 $11 {[%emt 0:02:10] B84: Sicilian Scheveningen: 6 Be2 a6, lines without early Be3.} 10. f3 Nbd7 11. g4 Nb6 {[%emt 0:00:59] Black has an edge.} 12. O-O Rc8 13. Rad1 O-O 14. g5 Nfd7 15. f4 Nc5 16. Bd3 Nc4 17. Bxc4 bxc4 18. Qg2 {[%emt 0:03:28] [#]} f5 $146 ({Predecessor:} 18... g6 19. Nde2 Qc7 20. Ng3 f5 21. Rd2 Nxe4 22. Ngxe4 fxe4 23. Nxe4 d5 24. Qg4 Qc6 25. Ng3 Bc5 26. Re1 d4 27. Bxd4 Bxd4+ {0-1 (27) Barbet,L-Ris,R Agneaux 2001}) 19. Qh3 g6 20. exf5 gxf5 $2 (20... exf5 $15 21. Nf3 Re8) 21. Qh6 $16 Qd7 22. Nf3 Rc7 $2 (22... Bxf3 $16 23. Rxf3 Rf7) 23. Ne5 (23. Bd4 $18 Bd8 24. Rf2) 23... Qe8 24. g6 Bf6 (24... hxg6 $11 25. Nxg6 Qc6) 25. Rxd6 $40 {[%emt 0:04:48][%mdl 128] White mounts an attack.} (25. Bxc5 $14 Bxe5 26. fxe5 (26. Bxd6 Rg7 $11)) 25... Bxe5 (25... hxg6 $11 26. Bxc5 (26. Qxg6+ $2 Rg7 $19) (26. Nxc4 $2 Rh7 $19) 26... Rh7 27. Qxh7+ (27. Qxg6+ Rg7 $17) 27... Kxh7 28. Rd7+ Kg8 29. Bxf8 (29. Rxb7 Qc8 $17) 29... Bxe5) 26. fxe5 {[%emt 0:00:13] Bxc5 is the strong threat.} Rg7 27. Kf2 Rxg6 28. Rg1 {[%emt 0:00:35] The board is on fire.} Ne4+ 29. Nxe4 fxe4+ 30. Ke2 {[%emt 0:00:50] aiming for Rdd1. 0x0.0016820e49b1dp-1022s more active pieces.} Qf7 ({Black should play} 30... Rxg1 $1 $14 31. Bxg1 Bd5) 31. Rxg6+ $1 hxg6 32. Kd2 a5 {[%emt 0:01:26] [#]} 33. h4 $1 {[%emt 0:01:05][%cal Oh4h5] Threatens to win with h5!} Bd5 34. Kc3 (34. Ra6 $16) 34... Qg7 $14 35. Qxg7+ Kxg7 {[%emt 0:00:02][%mdl 4096] Endgame KRB-KRB} 36. Rd7+ Kg8 $1 37. Ra7 Rf3 38. Kd4 Rh3 39. Rxa5 Rxh4 40. Rb5 Rh2 41. a4 Rxc2 42. a5 {[%emt 0:00:49] Strongly threatening a6.} Rh2 $2 (42... Kf7 $14) 43. a6 $18 Rh1 44. Bd2 $2 (44. Rxd5 $18 {is more deadly. Ra5 would kill now.} exd5 45. a7 Rd1+ 46. Kc5) 44... Kf7 {[%emt 0:01:07] [#]} 45. a7 $1 Rh8 (45... Ra1 $16 {was called for.}) 46. Rb8 Rh3 (46... Rg8 {was necessary.} 47. Bg5 Rf8) 47. Be3 {[%emt 0:00:00] Intending Rd8 and mate.} Rh2 (47... Rh1 $18 48. a8=Q Rd1+ 49. Kc5 Bxa8) 48. a8=Q (48. Rd8 $142 g5 49. Rxd5 Rh8 50. Rb5 Ra8 51. Kxc4 Rc8+ 52. Kd4 Rd8+ 53. Kxe4) 48... Bxa8 49. Rxa8 Rxb2 {[%emt 0:00:08] KRB-KR} 50. Ra7+ Kf8 51. Kxc4 {[%emt 0:03:24] Hoping for Bc5+.} Rb1 (51... Ke8 $142 52. Rg7 Rg2) 52. Bc5+ Kg8 53. Kd4 Re1 54. Bb4 Rh1 55. Be7 {[%emt 0:01:48] White mates.} Re1 56. Bh4 Rb1 57. Bf6 Re1 58. Rg7+ Kf8 59. Rxg6 e3 60. Kd3 e2 61. Kd2 Ra1 62. Kxe2 Ra3 63. Rg7 Rb3 64. Re7 Rb6 65. Ke3 Rc6 66. Kf4 Ra6 67. Kg5 Rb6 68. Kg6 Rb1 69. Rd7 Rb8 70. Rh7 {[%emt 0:00:15] Weighted Error Value: White=0.31/Black=0.51} 1-0

[Event "24th Hoogeschool Zeeland 2022"]
[Site "Vlissingen"]
[Date "2022.08.11"]
[Round "7.17"]
[White "Nieuwelink, Kees"]
[Black "Warnaar, Alisha"]
[Result "1-0"]
[ECO "B26"]
[WhiteElo "2200"]
[BlackElo "2037"]
[Annotator "TA"]
[PlyCount "85"]
[EventDate "2022.08.05"]
[EventType "swiss"]
[EventCountry "NED"]
[SourceTitle "playchess.com"]
[Source "ChessBase"]
[SourceQuality "1"]
[TimeControl "40/5400+30:1800+30"]

1. e4 c5 2. Nc3 Nc6 3. g3 g6 4. Bg2 Bg7 5. d3 d6 6. Be3 e6 7. Qd2 Nge7 8. Nge2 O-O 9. O-O Nd4 10. Bh6 {[%emt 0:00:51] B26: Closed Sicilian: 3 g3, lines with early Be3.} ({White should try} 10. Rae1 $11) 10... Nxe2+ (10... Bxh6 $1 $15 11. Qxh6 Nxc2) 11. Nxe2 $11 {[%emt 0:00:22] [#]} Bxb2 $146 (11... Bxh6 $11 {keeps the balance.} 12. Qxh6 Nc6) ({Predecessor:} 11... d5 12. Bxg7 Kxg7 13. Qc3+ Kg8 14. Qxc5 b6 15. Qe3 Ba6 16. Nf4 d4 17. Qd2 Rc8 {1-0 (31) Kozak,D-Sypnicki,D Krynica 1998}) 12. Bxf8 $16 {[%emt 0:00:30] White is better.} Qxf8 13. Rab1 Bg7 14. c3 {[%emt 0:03:48] White is more active.} Nc6 15. d4 c4 (15... e5 $11) 16. f4 Rb8 17. e5 (17. g4 $16) 17... d5 $14 18. g4 b5 19. f5 gxf5 {[%emt 0:00:00] White leaves nothing to chance now.} (19... Qd8 $14) 20. gxf5 $16 Bh6 21. Nf4 Qg7 $2 (21... exf5 $16 22. Bxd5 Qg7+ 23. Qg2 Qxg2+ 24. Bxg2 Ne7) 22. Rf3 $18 Kh8 23. Rg3 Qf8 24. Qf2 b4 25. Rf1 {[%emt 0:02:59] Strongly threatening fxe6.} Ne7 26. fxe6 fxe6 27. cxb4 Nf5 28. Rf3 Qxb4 29. Bh3 $1 {[%emt 0:00:13] Hoping for Bxf5.} Qb2 {[%emt 0:00:00] [#]} (29... Bxf4 {is a better defense.} 30. Rxf4 Rb7) 30. Nxe6 $1 Bxe6 (30... Qxf2+ 31. Kxf2) 31. Bxf5 Bxf5 {[%emt 0:00:00] [#]} 32. Rxf5 $2 (32. Qxb2 $1 $18 {and the rest is easy.} Rxb2 33. Rxf5) 32... Qxf2+ $4 (32... c3 $16 33. Qxb2 cxb2) 33. Kxf2 {[%emt 0:04:40][%mdl 4096] Endgame KRR-KRB} c3 34. Rf6 Bg5 {[%emt 0:03:26] Threatens to win with ...c2.} 35. Rc6 Rb2+ 36. Kg3 c2 37. e6 Rb1 38. e7 (38. Rf8+ $142 Kg7 39. Rf7+ Kg6 40. Rxc2 Rg1+ 41. Kf2) 38... Bxe7 39. Kg2 ({But not} 39. Rf7 $2 {[#]} Bd6+ $1 40. Kg4 c1=Q $19) 39... Rb2 40. Rf2 Rb4 $2 (40... Rxa2 41. Rfxc2 Rxc2+ 42. Rxc2 Bf6 43. Rc8+ Kg7 44. Rc7+ Kg6 45. Rxa7 Bxd4) 41. Rcxc2 {[%emt 0:34:23] Threatening mate with Rf7.} Bh4 (41... Rb7 $142 42. Rf7 Kg8) 42. Rf7 {[%emt 0:00:00] White threatens Rc8+ and mate.} Kg8 43. Rxa7 {[%emt 0:00:00] Weighted Error Value: White=0.28 (precise) /Black=0.56} 1-0

[Event "24th Hoogeschool Zeeland 2022"]
[Site "Vlissingen"]
[Date "2022.08.11"]
[Round "7.18"]
[White "Bazilius, Augustinas"]
[Black "Van der Kaap, Jos"]
[Result "1/2-1/2"]
[ECO "A50"]
[WhiteElo "2045"]
[BlackElo "2187"]
[Annotator "TA"]
[PlyCount "83"]
[EventDate "2022.08.05"]
[EventType "swiss"]
[EventCountry "NED"]
[SourceTitle "playchess.com"]
[Source "ChessBase"]
[SourceQuality "1"]
[TimeControl "40/5400+30:1800+30"]

1. d4 Nf6 2. c4 c6 3. Nf3 b5 4. e3 bxc4 5. Bxc4 Ba6 6. Bxa6 {[%emt 0:05:01] A50: Queen's Fianchetto Defence (1 d4 Nf6 2 c4 b6).} Qa5+ 7. Nc3 {[%emt 0:01:18] [#] Threatens to win with Bb7.} Qxa6 8. Qe2 {[%emt 0:02:42] White has an edge.} d5 9. Ne5 Qxe2+ 10. Kxe2 Nfd7 11. Nxd7 {[%emt 0:10:23] [#]} Nxd7 $146 ({Predecessor:} 11... Kxd7 12. Bd2 e6 13. Na4 Na6 14. Rhc1 Bd6 15. a3 Rhc8 16. b4 f6 17. h3 e5 {½-½ (27) Hajdarevic,D (2135)-Roth,P (2120) Austria 2016}) 12. Na4 e6 13. b3 Bd6 14. Bb2 Nb6 15. Nxb6 axb6 16. a3 Kd7 17. b4 b5 18. Kd3 h5 19. Rae1 Rh6 20. f3 g5 21. Reg1 Rg8 22. Ke2 f6 23. Kf2 g4 24. h3 gxf3 25. gxf3 Rhg6 26. Rxg6 Rxg6 27. Rg1 Rxg1 28. Kxg1 $17 {[%emt 0:00:01][%mdl 4096] Endgame KB-KB} Bf8 29. Kf2 Ke8 30. Kg3 Kf7 31. f4 Kg6 32. Kf3 Kf5 33. Bc3 Bd6 34. Bb2 e5 35. Bc1 Bc7 36. Bd2 Bb6 37. Bc3 Bc7 38. Bd2 $1 Bd8 {[%emt 0:00:18] Black is slightly better.} 39. Bc3 exf4 40. exf4 Kg6 41. Bd2 f5 42. Kg3 {[%emt 0:01:51] Weighted Error Value: White=0.08 (flawless) /Black=0.08 (flawless)} 1/2-1/2

[Event "24th Hoogeschool Zeeland 2022"]
[Site "Vlissingen"]
[Date "2022.08.11"]
[Round "7.19"]
[White "Honkoop, Gilian"]
[Black "Manukonda Arun"]
[Result "1-0"]
[ECO "D19"]
[WhiteElo "2205"]
[BlackElo "2021"]
[Annotator "TA"]
[PlyCount "71"]
[EventDate "2022.08.05"]
[EventType "swiss"]
[EventCountry "NED"]
[SourceTitle "playchess.com"]
[Source "ChessBase"]
[SourceQuality "1"]
[TimeControl "40/5400+30:1800+30"]

1. d4 d5 2. Nf3 Nf6 3. c4 c6 4. Nc3 dxc4 5. a4 Bf5 6. e3 e6 7. Bxc4 Bb4 8. O-O O-O 9. Qe2 Bg6 10. Ne5 Nbd7 11. Nxg6 hxg6 12. Rd1 Qc7 {[%emt 0:07:33] outshines the older 12...Qa5.} 13. f4 {[%emt 0:16:51] D19: Slav Defence: 5 a4 Bf5 6 e3: Main line with 9 Qe2.} c5 14. Na2 {[%emt 0:00:52] [#]} a5 $146 ({Predecessor:} 14... Ba5 15. dxc5 Qxc5 16. b4 Bxb4 17. Nxb4 Nb6 18. Bd3 Qxb4 19. Ba3 Qa5 20. Bxf8 Rxf8 {1-0 (37) Incutto,C-Cespa,R Martinez Valle 1993}) 15. Nxb4 {[%emt 0:01:19] The position is equal.} axb4 16. Bd2 b6 (16... Rfc8 $11) 17. Be1 $16 Rfc8 18. b3 Qb7 19. e4 (19. Rac1 $16) 19... cxd4 (19... Qxe4 $11 {keeps the balance.} 20. Qxe4 Nxe4) 20. e5 {[%emt 0:00:00] White stays focused until the end.} ({Much less strong is} 20. Rxd4 Nc5 21. Rad1 (21. Bxb4 b5 $17) 21... Nfxe4 $14) 20... Nd5 21. Rxd4 Nc5 {[%emt 0:01:46] [#]} 22. Rad1 $1 Ne7 23. Bxb4 Nf5 24. R4d2 g5 (24... Qa7 $142) 25. fxg5 g6 26. Ba3 Kg7 $2 (26... b5 {was called for.}) 27. Qe1 (27. Bxc5 $142 bxc5 {[#]} 28. Bxe6 $1 (28. Rd7 Rc7 $18)) 27... Rh8 $2 (27... b5) 28. Bxc5 $18 bxc5 {[%emt 0:00:11] [#]} 29. Bxe6 $1 {[%emt 0:00:00][%mdl 512] Threatens to win with Rd7.} Nd4 30. Bc4 Rh5 31. Qf2 Rf8 32. Qf6+ Kh7 33. Rf2 {[%emt 0:00:00] e6 is the strong threat.} Qe4 34. Bxf7 (34. Qe7 $142 Rxg5 35. Qxf8 Rf5 36. Rxf5 Nxf5 37. Bxf7 Ng7 38. Qg8+ Kh6 39. Qh8+ Kg5 40. Qxg7) 34... Rxg5 35. Qxg5 Ne2+ {[%emt 0:00:01] [#]} 36. Rxe2 $1 {[%emt 0:00:00] Weighted Error Value: White=0.24 (precise) /Black=1.16} 1-0

[Event "24th Hoogeschool Zeeland 2022"]
[Site "Vlissingen"]
[Date "2022.08.11"]
[Round "7.20"]
[White "Baarslag, Ed"]
[Black "Van Wijk, Peter"]
[Result "0-1"]
[ECO "A61"]
[WhiteElo "2161"]
[BlackElo "2016"]
[Annotator "TA"]
[PlyCount "52"]
[EventDate "2022.08.05"]
[EventType "swiss"]
[EventCountry "NED"]
[SourceTitle "playchess.com"]
[Source "ChessBase"]
[SourceQuality "1"]
[TimeControl "40/5400+30:1800+30"]

1. d4 Nf6 2. c4 c5 3. d5 e6 4. Nc3 exd5 5. cxd5 d6 6. Nf3 g6 7. Bf4 a6 8. a4 Bg7 9. e3 Bg4 {[%emt 0:05:50] A61: Modern Benoni: Nf3 without early e4.} 10. Be2 O-O 11. h3 {[%emt 0:00:55] was the old line (11.0-0).} Bxf3 {[%emt 0:00:09] White is slightly better.} 12. Bxf3 Qe7 13. O-O Nbd7 14. a5 {[%emt 0:06:40] [#]} Ne5 $146 ({Predecessor:} 14... Rab8 15. Qc2 Rfc8 16. Ra2 Ne5 17. Be2 Nfd7 18. Bg3 c4 19. Na4 b5 20. axb6 Nxb6 {1-0 (42) Druska,J (2506)-Krak,T (2310) Slovakia 2021}) 15. Be2 Nfd7 16. Bh2 {[%emt 0:01:56] [#] Hoping for f4.} f5 17. Re1 g5 18. f4 Ng6 19. fxg5 (19. Bd3 $14) 19... Be5 $1 $11 20. Ra4 Qxg5 21. Bf3 (21. Qd2 $17) 21... Rae8 $19 22. e4 $2 {[%emt 0:08:37] White does not recover from this.} (22. Kh1 $17) 22... Nh4 23. Rf1 Bxh2+ ({Worse is} 23... fxe4 24. Nxe4 Bd4+ 25. Kh1 $17 (25. Qxd4 $2 Nxf3+ 26. Kh1 cxd4 $19)) 24. Kxh2 Ne5 25. exf5 $2 (25. Rf2 fxe4 26. Nxe4 Nexf3+ 27. gxf3 Qf4+ 28. Kh1) 25... Nexf3+ {[%emt 0:00:23][%mdl 64] [#] Remove Defender} 26. gxf3 Qg2# {[%emt 0:00:02] Weighted Error Value: White=0.85/Black=0.02 (flawless)} 0-1

[Event "24th Hoogeschool Zeeland 2022"]
[Site "Vlissingen"]
[Date "2022.08.11"]
[Round "7.21"]
[White "Duchene, Rene"]
[Black "Lacrosse, Marc"]
[Result "1/2-1/2"]
[ECO "D30"]
[WhiteElo "2137"]
[BlackElo "2003"]
[Annotator "TA"]
[PlyCount "35"]
[EventDate "2022.08.05"]
[EventType "swiss"]
[EventCountry "NED"]
[SourceTitle "playchess.com"]
[Source "ChessBase"]
[SourceQuality "1"]
[TimeControl "40/5400+30:1800+30"]

1. Nf3 d5 2. d4 Nf6 3. c4 e6 4. e3 Nbd7 5. Bd3 dxc4 6. Bxc4 {[%emt 0:00:39] D30: Queen's Gambit Declined: Systems without Nc3.} a6 7. a4 b6 8. O-O {[%emt 0:02:53] The position is equal.} Bb7 9. Qe2 Bd6 10. Nc3 {[%emt 0:01:44] [#]} Qe7 $146 (10... c5 $11) ({Predecessor:} 10... c5 11. b3 O-O 12. Bb2 cxd4 13. exd4 Qb8 {0-1 (115) Shinkevich,V (2440)-Grachev,B (2621) Moscow 2019}) 11. e4 $14 {[%emt 0:09:04] [#] Threatens to win with e5.} e5 $1 12. d5 h6 13. Nh4 g6 {[%emt 0:04:29] Against Nf5} 14. g3 Nc5 15. f3 Bc8 16. Be3 Ncd7 17. Qd2 {[%emt 0:02:02] White is more active.} Bc5 18. Rfc1 {[%emt 0:05:55] Weighted Error Value: White=0.04 (flawless) /Black=0.11 (very precise)} 1/2-1/2

[Event "24th Hoogeschool Zeeland 2022"]
[Site "Vlissingen"]
[Date "2022.08.11"]
[Round "7.22"]
[White "Zevenhuizen, Daniel"]
[Black "Galle, Andre"]
[Result "1/2-1/2"]
[ECO "A04"]
[WhiteElo "2168"]
[BlackElo "1999"]
[Annotator "TA"]
[PlyCount "47"]
[EventDate "2022.08.05"]
[EventType "swiss"]
[EventCountry "NED"]
[SourceTitle "playchess.com"]
[Source "ChessBase"]
[SourceQuality "1"]
[TimeControl "40/5400+30:1800+30"]

1. e4 e6 2. d3 c5 3. Nf3 Nc6 4. g3 g6 5. Bg2 Bg7 6. O-O Nge7 7. Re1 h6 {[%emt 0:05:25] A04: Unusual lines after 1 Nf3 and King's Indian Attack.} 8. h4 d6 9. c3 e5 {[%emt 0:04:47] Against d4. The position is equal.} 10. Na3 O-O 11. Be3 f5 12. Qd2 Kh7 {[%emt 0:02:53] [#]} 13. Rab1 $146 ({Predecessor:} 13. Nh2 Ng8 14. exf5 gxf5 15. f4 Nf6 16. fxe5 Nxe5 17. d4 cxd4 18. cxd4 Ng6 19. Bf2 {0-1 (28) Latorre Abad,F (2100)-Roche Simon,M (2141) Spain 2011}) 13... Rb8 14. b4 cxb4 15. cxb4 b5 16. Rbc1 Bd7 17. h5 (17. Nb1 $11) 17... f4 18. gxf4 exf4 19. Bxf4 {[%emt 0:00:20] [#]} Ne5 (19... Bg4 $1 $17 {[%cal Rg4f3] Threatens to win with ...Bxf3.} 20. e5 (20. hxg6+ Nxg6 21. Bg3 Bxf3 $15) 20... Bxh5 21. exd6 Nd5 22. Rxc6 Rxf4) 20. Nh2 gxh5 {[%emt 0:06:44] White must now prevent ...N7g6.} 21. d4 (21. Be3 $17 {keeps fighting.}) 21... N7g6 $19 22. Be3 Ng4 23. Nxg4 hxg4 24. e5 {[%emt 0:00:05] Weighted Error Value: White=0.25 (precise) /Black=0.13 (very precise)} 1/2-1/2

[Event "24th Hoogeschool Zeeland 2022"]
[Site "Vlissingen"]
[Date "2022.08.11"]
[Round "7.23"]
[White "Gorny, Michael"]
[Black "Tiggelman, Rene"]
[Result "0-1"]
[ECO "B12"]
[WhiteElo "1962"]
[BlackElo "2165"]
[Annotator "TA"]
[PlyCount "134"]
[EventDate "2022.08.05"]
[EventType "swiss"]
[EventCountry "NED"]
[SourceTitle "playchess.com"]
[Source "ChessBase"]
[SourceQuality "1"]
[TimeControl "40/5400+30:1800+30"]

1. e4 c6 2. d4 d5 3. e5 c5 4. Nf3 Nc6 5. dxc5 e6 6. a3 {[%emt 0:00:38] B12: Caro-Kann: Advance Variation.} Bxc5 7. b4 {[%emt 0:00:18] Against Qa5} Bb6 8. Bb2 {[%emt 0:02:04] White has an edge.} Nge7 9. Nbd2 {[%emt 0:04:35] [#]} Nf5 $146 (9... Bc7 $11) ({Predecessor:} 9... Ng6 10. b5 Na5 11. h4 h6 12. h5 Ne7 13. Bd3 Bd7 14. Qe2 Rc8 15. a4 a6 {½-½ (15) Nestorovic,N (2450)-Ghaem Maghami,E (2537) Philadelphia 2018}) 10. c4 $16 O-O 11. c5 Bc7 12. b5 Nce7 13. Bd3 $1 Ng6 14. g3 {[%emt 0:00:46] Inhibits Nf4.} Nh6 ({Better is} 14... f6 $14) 15. O-O f6 16. Bxg6 hxg6 17. Qc2 f5 18. h4 ({White should play} 18. a4 $16) 18... Nf7 (18... Qe8 $1 $14) 19. Kg2 Qe8 20. a4 Bd8 21. Bd4 (21. Nb3 $18) 21... Bd7 22. Qb3 (22. Be3 $16) 22... g5 23. hxg5 Nxg5 24. Nxg5 Bxg5 25. Nf3 Be7 26. Rh1 Rc8 (26... Qg6 $11) 27. Qe3 (27. Qd3 $14) 27... a6 $11 28. bxa6 ({Much weaker is} 28. c6 bxc6 29. bxc6 (29. bxa6 $2 c5 $19) 29... Rxc6 $17) 28... bxa6 29. a5 Bb5 30. Rac1 $2 (30. Ng5 $11 Qg6 31. Nh3) 30... f4 $1 $19 31. Qd2 Qg6 32. Rc3 (32. Rh3 $17) 32... Rf5 $2 (32... fxg3 $19 33. fxg3 Bc4) 33. Rh3 (33. Nh4 $11 Bxh4 34. Rxh4) 33... Qg4 {[%emt 0:03:51][%cal Ob5f1] Hoping for ...Bf1+!} 34. Qd1 {[%emt 0:03:39] Prevents Bf1+.} (34. Rc1 $1 $15) 34... Rh5 $1 $17 {[%emt 0:12:13] Really sharp! Black is more active.} 35. Rxh5 Qxh5 36. Qh1 Qxh1+ (36... Qg4 $142 {And now ...fxg3 would win.} 37. Nh2 Qf5) 37. Kxh1 fxg3 38. fxg3 Bc4 39. Rc1 Bxc5 40. Bxc5 Rxc5 {[%emt 0:00:07][%mdl 4096] Endgame KRB-KRN} 41. Ng5 Rxa5 ({Of course not} 41... d4 $6 42. Nf3 $11) 42. Nxe6 (42. Kg2 $17) 42... Kf7 (42... Ra3 $19 43. Kg2 Re3) 43. Nd4 Ra3 44. Kh2 $2 (44. e6+ $1 $15 Ke7 45. Rb1) 44... Re3 $19 45. Nf5 Rxe5 46. Nd6+ (46. g4) 46... Ke6 47. Nxc4 dxc4 48. Rxc4 {[%emt 0:00:00] KR-KR} Kd6 {[%emt 0:02:19] Inhibits Rc6+.} 49. Rc8 a5 {[%emt 0:00:55][%cal Ba6a5,Ba5a4,Ba4a3][%mdl 32] White must now prevent ...a4.} 50. Kh3 a4 {[%emt 0:00:57] ...Rh5+ is the strong threat.} 51. Ra8 Re4 52. Ra6+ $2 (52. Ra7) 52... Kc5 {[%emt 0:01:29] ( -> ...g5)} 53. Ra7 g5 54. Ra5+ Kb4 55. Rxg5 a3 56. Rf5 Re1 $2 (56... a2 {mates} 57. Rf1 Kc5 58. Ra1 Ra4 59. g4 Kd4 60. Kh4 Ke5 61. Kg5 Ra5 62. Kh6 Kf6 63. Rf1+ Ke7 64. Re1+ Kf7 65. Rf1+ Ke6 66. Re1+ Kf6 67. Ra1 Kf7 68. Rf1+ Ke7 69. Re1+ Kf7 70. Ra1 Kg8 71. Kg6 Ra8 72. Kf5 Kf7 73. Kf4 Kg6 74. Ke4 Kg7 75. Kd4 Kf7 76. Kc3 Ra4 77. Kb3 Rxg4 78. Rxa2 Kg6 79. Kc3 Kg5 80. Kd3 Kf6 81. Ra8 Kf5 82. Rf8+ Ke6 83. Re8+ Kf6 84. Rh8 Rg3+ 85. Ke4 Rg4+ 86. Kf3 Rc4 87. Rf8+ Ke7 88. Rh8 Kf6 89. Rf8+ Ke7 90. Rh8 Kf6) 57. Rf4+ $2 {[%emt 0:01:36][%mdl 8192] [#]} (57. Rf2 $11) 57... Kb3 $1 {[%emt 0:00:05] Black mates.} 58. Rf3+ {[%emt 0:00:16] [#]} Kb2 $1 59. Rf2+ Kb1 60. g4 a2 61. Rxa2 Kxa2 {[%emt 0:00:06] KR-KP} 62. g5 Kb3 63. Kg4 Kc4 64. g6 Kd5 65. Kg5 Ke6 66. Kh6 Kf6 67. g7 Rh1# {[%emt 0:00:07] Black used his chance.  Weighted Error Value: White=0.68/Black=0.33} 0-1

[Event "24th Hoogeschool Zeeland 2022"]
[Site "Vlissingen"]
[Date "2022.08.11"]
[Round "7.24"]
[White "Boelhouwer, Collin"]
[Black "Saketh, Pedagandham"]
[Result "0-1"]
[ECO "B99"]
[WhiteElo "2151"]
[BlackElo "1928"]
[Annotator "TA"]
[PlyCount "82"]
[EventDate "2022.08.05"]
[EventType "swiss"]
[EventCountry "NED"]
[SourceTitle "playchess.com"]
[Source "ChessBase"]
[SourceQuality "1"]
[TimeControl "40/5400+30:1800+30"]

1. e4 c5 2. Nf3 d6 3. d4 cxd4 4. Nxd4 Nf6 5. Nc3 a6 6. Bg5 e6 7. f4 Be7 8. Qf3 Qc7 9. O-O-O Nbd7 10. g4 h6 11. Bh4 g5 12. fxg5 {[%emt 0:01:06] 12.e5 is not played anymore.} Ne5 13. Qg3 {[%emt 0:03:48] 13.Qe2 might become the main line. B99: Sicilian Najdorf: 6 Bg5 e6 7 f4 Be7 8 Qf3 Qc7 9 0-0-0 Nbd7.} Nfxg4 14. gxh6 Bxh4 15. Qxh4 {[%emt 0:00:09] The position is equal.} Qe7 16. Qg3 ({Much weaker is} 16. Qxe7+ Kxe7 17. Rg1 Bd7 $17) ({Better is} 16. Qe1 $1 $11) 16... Qg5+ $15 17. Kb1 {[%emt 0:00:30] [#] Hoping for Nf3.} Qe3 {[%emt 0:01:27] Prevents Nf3. And now ...Qxg3 would win.} 18. Qxe3 ({Not} 18. Ndb5 $2 axb5 19. Bxb5+ Bd7 20. Qxe3 Nxe3 21. Rxd6 Bc6 22. Bxc6+ bxc6 $19) 18... Nxe3 19. Re1 Nxf1 20. Rexf1 Rxh6 21. Nf3 Nxf3 22. Rxf3 Bd7 {[%emt 0:00:25] [#]} 23. h4 $146 {[%emt 0:04:57] Black continues to play with concentration.} (23. Rhf1 $15) ({Predecessor:} 23. Rhf1 Rh7 24. R1f2 Ke7 25. b3 Rah8 26. h3 Bc6 27. Rd3 Rxh3 28. Rfd2 Rxd3 29. cxd3 {0-1 (53) Nithander,V (2232)-Lanin,A (2424) Herceg Novi 2005}) 23... Bc6 24. Rf4 Ke7 25. Rhf1 Rf8 26. b3 e5 27. Rg4 Rfh8 28. Rg7 Rf6 29. Rxf6 (29. Rh1 $17) 29... Kxf6 $17 {[%emt 0:00:08][%mdl 4096] Endgame KRB-KRN} 30. Rg4 Ke7 31. Kc1 {[%emt 0:03:27] [#]} Bd7 $1 32. Nd5+ Kf8 33. Rg1 Rxh4 34. Re1 Bc6 35. c4 Bxd5 36. cxd5 $19 {[%emt 0:00:13] KR-KR} Ke7 37. Re2 b5 38. Kc2 f5 39. Rg2 $2 (39. exf5 {was the only defense.} Kf6 40. Kd3) 39... Rxe4 {[%emt 0:02:41] Black is clearly winning.} 40. Rg7+ Ke8 41. Kc3 f4 {[%emt 0:31:00] Weighted Error Value: White=0.40/Black=0.05 (flawless)} 0-1

[Event "24th Hoogeschool Zeeland 2022"]
[Site "Vlissingen"]
[Date "2022.08.12"]
[Round "8.1"]
[White "Lalith Babu M R"]
[Black "Ponomariov, Ruslan"]
[Result "1/2-1/2"]
[ECO "D43"]
[WhiteElo "2549"]
[BlackElo "2642"]
[Annotator "TA"]
[PlyCount "42"]
[EventDate "2022.08.05"]
[EventType "swiss"]
[EventCountry "NED"]
[SourceTitle "playchess.com"]
[Source "ChessBase"]
[SourceQuality "1"]
[TimeControl "40/5400+30:1800+30"]

1. d4 {[%emt 0:02:07] Lutz,C} Nf6 2. c4 e6 3. Nf3 d5 4. Nc3 c6 5. Bg5 h6 6. Bxf6 Qxf6 7. e3 g6 8. Be2 {[%emt 0:00:08] D43: Semi-Slav: 5 Bg5 h6.} Bg7 9. O-O Nd7 10. cxd5 {[%emt 0:11:25] White is slightly better. The main line 10.cxd5 scores better than 10.e4.} exd5 11. b4 Qd6 {[%emt 0:10:39] [#]} 12. b5 $146 ({Predecessor:} 12. Qb3 O-O 13. b5 Nb6 14. Rac1 Bf5 15. a4 Nd7 16. a5 Rab8 17. Qa2 Rfc8 18. a6 {1-0 (33) Manor,I (2510)-Polgar,S (2495) Rishon Le Ziyyon 1996 CBM 053 [Lutz,C]}) 12... c5 13. dxc5 Nxc5 {[%emt 0:00:09] [#]} 14. Nxd5 O-O (14... Be6 15. Nf4) 15. Rc1 Rd8 16. Qc2 b6 {[%emt 0:06:51] aiming for ...Bf5.} 17. Nb4 Bf5 18. Qc4 Be6 19. Qc2 Bf5 {[%emt 0:00:26] This bishop pair is nice.} 20. Qc4 Be6 21. Qc2 Bf5 {[%emt 0:01:16] Weighted Error Value: White=0.13 (very precise) /Black=0.06 (flawless)} 1/2-1/2